 Dungeon Crawl Stone Soup version 0.21.1-1-g345015fe64 (console) character file.

471 Kloppie the Ruffian (level 6, -1/65 HPs)
             Began as a Troll Berserker on May 2, 2018.
             Was a Priest of Trog.
             Succumbed to an orc's poison
             ... on level 3 of the Dungeon.
             The game lasted 00:03:06 (1750 turns).

Kloppie the Ruffian (Troll Berserker)               Turns: 1750, Time: 00:03:06

Health: -1/65      AC:  5    Str: 26    XL:     6   Next: 83%
Magic:  5/5        EV: 10    Int:  3    God:    Trog [***...]
Gold:   90         SH:  0    Dex: 11    Spells: 5/5 levels left

rFire    . . .     SeeInvis .     - Unarmed
rCold    + . .     Gourm    +   (no shield)
rNeg     . . .     Faith    .   a - +0 animal skin
rPois    .         Spirit   .   (helmet restricted)
rElec    .         Reflect  .   (no cloak)
rCorr    .         Harm     .   (gloves unavailable)
MR       .....                  (boots unavailable)
Stlth    +.........             (no amulet)
HPRegen  0.60/turn              j - ring of protection from cold
MPRegen  0.09/turn              (no ring)

@: lethally poisoned (-1 -> -23), berserk cooldown, slowed, very slow
A: large, unfitting armour, claws 3, fast metabolism 3, gourmand, regeneration
1, shaggy fur 1, tough skin 2
a: Berserk, Trog's Hand, Burn Spellbooks, Renounce Religion


You were on level 3 of the Dungeon.
You worshipped Trog.
Trog was most pleased with you.
You were very full.

You visited 1 branch of the dungeon, and saw 3 of its levels.

You collected 90 gold pieces.

Inventory:

Armour
 a - a +0 animal skin (worn)
Jewellery
 j - a ring of protection from cold (left claw)
Scrolls
 e - a scroll of noise {unknown}
 f - 3 scrolls of identify {unknown}
 h - 3 scrolls of teleportation {unknown}
 l - a scroll of remove curse {unknown}
 p - a scroll of magic mapping {unknown}
Potions
 c - 2 potions of might {unknown}
 d - a potion of magic {unknown}
 g - 2 potions of heal wounds {unknown}
 i - a potion of lignification {unknown}
 k - 5 potions of flight {unknown}
 m - 4 potions of brilliance {unknown}
 o - a potion of haste {unknown}
Comestibles
 b - 8 rations
 n - 19 chunks of flesh


   Skills:
 + Level 4.8 Fighting
 - Level 2.4 Dodging
 + Level 5.9 Unarmed Combat


You had 5 spell levels left.
You didn't know any spells.

Dungeon Overview and Level Annotations

Branches:
Dungeon (3/15)

Altars:
Makhleb
The Shining One


Innate Abilities, Weirdness & Mutations

You are too large for most types of armour.
You have claws for hands.
Your metabolism is lightning-fast.
You like to eat raw meat.
Your natural rate of healing is unusually fast.
You are covered in fur. (AC +1)
You have very tough skin. (AC +2)


Message History

You scratch the orc.
The orc is heavily wounded.
* * * LOW HITPOINT WARNING * * *
You feel sick. The orc hits you with a flail.
* * * LOW HITPOINT WARNING * * *
The orc hits you with a hand axe of venom.
* * * LOW HITPOINT WARNING * * *
You are more poisoned.
You are too berserk!
You barely miss the orc.
The orc is heavily wounded.
* * * LOW HITPOINT WARNING * * *
You feel sick.
You mangle the orc!!
You kill the orc!
Trog accepts your kill.
You are no longer berserk.
You are exhausted.
You feel yourself slow down.
You die...

#.####.#.###[.
.#).###
#.............
#.... ######.#.####
# #.#.# #####.
#...#### .....
#.####.. ...####
#.# #.##.....%. #.#
#.#).{.#### ####.#
#.@o.......
#....######...#####
#.##.).......#### #
######.........
#.#####... #.# ##
#.# #.# #.#


You could see an orc.

Vanquished Creatures
  Sigmund (D:2)
  An orc warrior (D:3)
  An orc priest (D:3)
  3 orc wizards (D:3)
  Ijyb (D:3)
  3 adders (D:2)
  A dart slug (D:1)
  3 leopard geckos
  8 orcs (D:3)
  2 bats
  2 giant cockroaches (D:1)
  9 goblins
  7 hobgoblins
  A quokka (D:3)
  A ball python (D:2)
  4 frilled lizards
  8 kobolds
  4 rats
60 creatures vanquished.

Notes
Turn   | Place    | Note
-------+----------+-------------------------------------------
     0 | D:1      | Kloppie the Troll Berserker began the quest for the Orb.
     0 | D:1      | Reached XP level 1. HP: 22/22 MP: 0/0
    68 | D:1      | Reached XP level 2. HP: 29/29 MP: 1/1
   621 | D:1      | Reached ** piety under Trog
   811 | D:2      | Reached XP level 3. HP: 36/37 MP: 2/2
  1023 | D:2      | Found a burning altar of Makhleb.
  1029 | D:2      | Found a glowing golden altar of the Shining One.
  1053 | D:2      | Noticed Sigmund
  1060 | D:2      | Killed Sigmund
  1060 | D:2      | Reached skill level 4 in Unarmed Combat
  1060 | D:2      | Reached XP level 4. HP: 44/48 MP: 3/3
  1060 | D:2      | Reached XP level 5. HP: 50/54 MP: 4/4
  1115 | D:2      | Reached skill level 5 in Unarmed Combat
  1586 | D:3      | Reached XP level 6. HP: 58/63 MP: 5/5
  1675 | D:3      | Reached *** piety under Trog
  1725 | D:3      | Noticed Ijyb
  1729 | D:3      | Noticed an orc warrior
  1737 | D:3      | Killed Ijyb
  1746 | D:3      | Killed an orc warrior
  1748 | D:3      | HP: 4/97 [orc/flail (3)]
  1748 | D:3      | HP: 1/97 [orc/hand axe of venom (3)]
  1750 | D:3      | Succumbed to an orc's poison

Skill      XL: |  1  2  3  4  5 |
---------------+----------------+-----
Fighting       | 3 4 |  4.8
Unarmed Combat | 4 5 |  5.9
Dodging        | |  2.4

Action                   |  1- 3 |  4- 6 || total
-------------------------+-------+-------++-------
Melee: Unarmed           |    64 |    96 ||   160
       Punch             |     1 |     3 ||     4
Invok: Berserk           |     1 |     2 ||     3
 Stab: Sleeping          |     2 |       ||     2
  Eat: Chunk             |    15 |     8 ||    23
Armor: Animal skin       |    15 |    17 ||    32
Dodge: Dodged            |    26 |    38 ||    64
